 Dungeon Crawl Stone Soup version 0.28-a0-519-gbfeecf2fc5 (webtiles) character file.

Game seed: 16097148671340532220

36036 robertstho the Cleaver (level 13, -5/122 HPs)
             Began as a Grey Draconian Berserker on Sept 23, 2021.
             Was a High Priest of Trog.
             Slain by a cane toad (15 damage)
             ... on level 2 of the Lair of Beasts.
             The game lasted 00:33:16 (19032 turns).

robertstho the Cleaver (Grey Draconian Berserker)  Turns: 19032, Time: 00:33:16

Health: -5/122     AC: 20    Str: 26    XL:     13   Next: 50%
Magic:  13/13      EV: 12    Int:  7    God:    Trog [*****.]
Gold:   730        SH: 13    Dex: 10    Spells: 12/12 levels left

rFire   + . .      SeeInvis .   v - +2 broad axe (flame)
rCold   . . .      Faith    .   I - +1 tower shield {reflect}
rNeg    . . .      Spirit   .   (armour unavailable)
rPois   +          Reflect  +   H - +1 hat {Stlth+}
rElec   .          Harm     .   C - +2 cloak
rCorr   .          Rampage  .   D - +1 pair of gloves {archery}
Will    .....                   x - +0 pair of boots
Stlth   ++++......              h - amulet of the acrobat
HPRegen 0.30/turn               F - ring of poison resistance
MPRegen 0.13/turn               g - ring of protection from fire

@: on berserk cooldown, slowed, very slow
A: AC +13, amphibious, unfitting armour, cold-blooded
a: Renounce Religion, Berserk, Trog's Hand, Brothers in Arms


You were on level 2 of the Lair of Beasts.
You worshipped Trog.
Trog was extremely pleased with you.
You visited 2 branches of the dungeon, and saw 15 of its levels.
You also visited: Bailey and Gauntlet.

You collected 1180 gold pieces.
You spent 450 gold pieces at shops.

Inventory:

Hand Weapons
 a - a +5 executioner's axe
 d - a +3 war axe
 v - a +2 broad axe of flaming (weapon)
Armour
 r - a +0 cloak of preservation
 x - a +0 pair of boots (worn)
 C - a +2 cloak (worn)
 D - a +1 pair of gloves of archery (worn)
 H - a +1 hat of stealth (worn)
 I - a +1 tower shield of reflection (worn)
Jewellery
 f - a ring of fire
 g - a ring of protection from fire (right hand)
 h - an amulet of the acrobat (around neck)
 n - an amulet of reflection
 F - a ring of poison resistance (left hand)
 G - a ring of willpower
Wands
 u - a wand of mindburst (26)
 L - a wand of paralysis (9)
Scrolls
 i - 2 scrolls of vulnerability
 j - a scroll of torment
 k - 3 scrolls of blinking {unknown}
 l - a scroll of fear
 m - a scroll of holy word
 o - a scroll of enchant armour
 t - 5 scrolls of teleportation
 y - 3 scrolls of fog
 E - a scroll of enchant weapon
 M - a scroll of magic mapping
Potions
 b - a potion of brilliance {unknown}
 c - 2 potions of degeneration {unknown}
 e - 3 potions of mutation
 p - 4 potions of attraction
 q - a potion of ambrosia
 w - a potion of might {unknown}
 z - 3 potions of flight {unknown}
 A - a potion of berserk rage {unknown}
 B - 4 potions of curing
 K - a potion of haste
Miscellaneous
 J - a tin of tremorstones (2/2)


   Skills:
 * Level 13.5 Fighting
 + Level 14.1 Axes
 * Level 12.4 Dodging
 + Level 4.9 Stealth
 + Level 4.8 Shields


You had 12 spell levels left.
You didn't know any spells.
Your spell library was empty.

Dungeon Overview and Level Annotations

Branches:
Dungeon (13/15)            Temple (0/1) D:6            Lair (2/6) D:11
    Orc (0/2) D:10         Bailey (visited)         Gauntlet (visited)
  Swamp: Lair:2-4    Shoals: Lair:2-4     Snake: Lair:2-4    Spider: Lair:2-4
 Vaults: D:13-14

Altars:
Gozag
Hepliaklqana
Kikubaaqudgha
Makhleb
Okawaru
Qazlal
Vehumet

Shops:
D:6 :   D:9 [   D:10 *   D:12 (


Innate Abilities, Weirdness & Mutations

Your dull iron-grey scales are very hard. (AC +13)
You are amphibious.
You cannot fit into any form of body armour.
You are cold-blooded and may be slowed by cold attacks.


Message History

The five-headed hydra bites you! You block the cane toad's attack.
You block the five-headed hydra's attack.
The five-headed hydra bites you.
The five-headed hydra completely misses you.
The five-headed hydra closely misses you.
The five-headed hydra bites you.
The cane toad stings you but does no damage.
You hack one of the five-headed hydra's heads off!
The flame cauterises the wound!
You slash the four-headed hydra! You burn the four-headed hydra.
The four-headed hydra is almost dead.
You slash the cane toad! You burn the cane toad!
You block the cane toad's attack. The four-headed hydra bites you!
* * * LOW HITPOINT WARNING * * *
You block the four-headed hydra's attack.
The four-headed hydra bites you but does no damage.
You block the four-headed hydra's attack.
The cane toad stings you but does no damage.
The four-headed hydra bites you but does no damage.
The four-headed hydra bites you.
* * * LOW HITPOINT WARNING * * *
You block the four-headed hydra's attack.
The four-headed hydra closely misses you.
You lop one of the four-headed hydra's heads off!
The flame cauterises the wound!
You slash the three-headed hydra! You burn the three-headed hydra.
You kill the three-headed hydra!
Trog accepts your kill.
Your shield prevents you from hitting the cane toad.
The cane toad stings you.
* * * LOW HITPOINT WARNING * * *
The cane toad stings you but does no damage.
The cane toad stings you!
* * * LOW HITPOINT WARNING * * *
You are lethally poisoned!
The cane toad poisons you!
You feel better. The cane toad closely misses you. The cane toad stings you!
* * * LOW HITPOINT WARNING * * *
You feel better. The cane toad stings you!
You die...

.......## ###..P.#
........# $#....####
........####........#
....................##
.....................#
.......#...#P..†...#
#.###########.†.†..#####
### #.††F......#
###.@.......
#...........
##..........
#...........
#...........
............
#............
.............


You could see a cane toad.

Vanquished Creatures
  A minotaur (Gauntlet)
  A boulder beetle (D:13)
  8 hydras
  An ice dragon (D:11)
  3 centaur warriors
  A tengu warrior (Gauntlet)
  2 thrashing horrors (Gauntlet)
  A sixfirhy (Gauntlet)
  An orc knight (Bailey)
  A deep elf pyromancer (D:13)
  2 manticores
  2 ugly things (D:13)
  2 cyclopes (D:12)
  2 gargoyles
  Maggie (D:7)
  2 cane toads (Lair:1)
  2 kobold demonologists (D:10)
  4 komodo dragons
  A rime drake (Lair:1)
  2 tengu conjurers (Gauntlet)
  3 trolls
  15 blink frogs
  5 slime creatures (D:13)
  A vampire (D:13)
  4 wyverns
  5 wraiths
  4 basilisks
  24 yaks
  Grum (D:8)
  3 vampire mosquitoes (D:11)
  Edmund (D:5)
  An acid dragon (D:8)
  8 water moccasins
  A sky beast (D:7)
  A black bear (D:4)
  6 orc warriors
  2 ogres
  8 wolves
  13 centaurs
  Blork the orc (D:5)
  3 kobold brigands
  6 bullfrogs
  A scorpion (D:4)
  A wyvern skeleton (D:7)
  A water moccasin skeleton (D:4)
  10 killer bees
  12 wights
  A centaur zombie (D:9)
  4 orc priests
  2 jellies
  3 hounds
  A centaur skeleton (D:6)
  2 small abominations (Gauntlet)
  2 iguanas
  Ijyb (D:5)
  12 orc wizards
  A killer bee zombie (D:9)
  A hound skeleton (D:4)
  A howler monkey zombie (D:10)
  2 gnolls (D:7)
  4 adders
  A shadow imp (D:5)
  5 ufetubi
  3 worms
  53 orcs
  7 ball pythons
  3 endoplasms
  4 giant cockroaches
  9 goblins
  3 hobgoblins
  6 jackals
  20 kobolds
  3 quokkas (D:1)
  6 bats
  2 frilled lizards
  4 rats
347 creatures vanquished.

Vanquished Creatures (collateral kills)
  A boulder beetle (D:11)
  A wolf spider (D:11)
  A polar bear (Lair:2)
  A white imp (D:6)
4 creatures vanquished.

Vanquished Creatures (others)
  A gnoll (D:7)
  4 fungi
  69 plants
74 creatures vanquished.

Grand Total: 425 creatures vanquished

Notes
Turn   | Place    | Note
-------+----------+-------------------------------------------
     0 | D:1      | robertstho the Draconian Berserker began the quest for the
                  | Orb.
     0 | D:1      | Reached XP level 1. HP: 19/19 MP: 1/1
   210 | D:1      | Reached XP level 2. HP: 26/26 MP: 2/2
   250 | D:1      | Found a faded altar of an unknown god.
   910 | D:2      | Reached XP level 3. HP: 29/33 MP: 3/3
  1290 | D:2      | Reached ** piety under Trog
  1619 | D:3      | Found a burning altar of Makhleb.
  1687 | D:3      | Reached XP level 4. HP: 40/40 MP: 4/4
  1904 | D:3      | Reached skill level 4 in Axes
  1904 | D:3      | Reached XP level 5. HP: 30/47 MP: 5/5
  2723 | D:4      | Found an iron altar of Okawaru.
  2889 | D:4      | Reached skill level 1 in Stealth
  2889 | D:4      | Reached XP level 6. HP: 40/55 MP: 6/6
  3054 | D:4      | Reached skill level 5 in Fighting
  3381 | D:4      | Reached skill level 5 in Axes
  3429 | D:4      | Your scales start taking on a dull iron-grey colour.
  3429 | D:4      | Reached XP level 7. HP: 54/61 MP: 7/7
  4076 | D:5      | Entered Level 5 of the Dungeon
  4159 | D:5      | Reached *** piety under Trog
  4167 | D:5      | Reached skill level 5 in Dodging
  4343 | D:5      | Noticed Ijyb
  4348 | D:5      | Noticed Blork the orc
  4349 | D:5      | Killed Ijyb
  4359 | D:5      | Killed Blork the orc
  4592 | D:5      | Noticed Edmund
  4604 | D:5      | Killed Edmund
  5334 | D:5      | Identified a scroll of acquirement
  5335 | D:5      | Acquired a +1 pair of gloves of archery
  5408 | D:6      | Reached skill level 6 in Axes
  5408 | D:6      | Reached XP level 8. HP: 67/70 MP: 8/8
  5997 | D:6      | Found a staircase to the Ecumenical Temple.
  6024 | D:6      | Found a hazy altar of Hepliaklqana.
  6175 | D:6      | Found a radiant altar of Vehumet.
  6242 | D:6      | Found an ancient bone altar of Kikubaaqudgha.
  6746 | D:6      | Found Rucod's Book Boutique.
  7017 | D:7      | Reached skill level 7 in Axes
  7210 | D:7      | Noticed Maggie
  7236 | D:7      | Killed Maggie
  7237 | D:7      | Reached XP level 9. HP: 27/80 MP: 9/9
  7906 | D:8      | Noticed a centaur warrior
  7921 | D:8      | Killed a centaur warrior
  7922 | D:8      | Reached skill level 8 in Axes
  7925 | D:8      | Reached **** piety under Trog
  8186 | D:8      | Reached skill level 9 in Axes
  8237 | D:8      | Noticed Grum
  8246 | D:8      | Killed Grum
  8253 | D:8      | Reached XP level 10. HP: 83/91 MP: 10/10
  8791 | D:9      | Reached skill level 10 in Axes
  9130 | D:9      | Found an opulent altar of Gozag.
  9773 | D:9      | Found Tisaoki's Antique Armour Boutique.
  9794 | D:9      | Bought a runed cloak for 225 gold pieces
  9794 | D:9      | Bought a pair of runed gloves for 225 gold pieces
  9900 | D:10     | Entered Level 10 of the Dungeon
  9934 | D:10     | Reached skill level 10 in Fighting
 10016 | D:10     | Reached ***** piety under Trog
 10022 | D:10     | Noticed a soul eater
 10195 | D:10     | Reached skill level 11 in Axes
 10204 | D:10     | Found a staircase to the Orcish Mines.
 10282 | D:10     | Found Ynehiter's Neck Hole.
 10868 | D:10     | Reached XP level 11. HP: 94/101 MP: 11/11
 11373 | D:11     | Found a staircase to the Lair.
 11406 | D:11     | Noticed a four-headed hydra
 11413 | D:11     | Killed a one-headed hydra
 11733 | D:11     | Noticed a five-headed hydra
 11735 | D:11     | Noticed a six-headed hydra
 11739 | D:11     | Killed a two-headed hydra
 11740 | D:11     | Noticed an ice dragon
 11749 | D:11     | Killed a one-headed hydra
 11750 | D:11     | Reached skill level 12 in Axes
 11759 | D:11     | Killed an ice dragon
 12058 | D:11     | Noticed a boulder beetle
 12074 | D:11     | Killed a boulder beetle
 12075 | D:11     | Reached skill level 10 in Dodging
 12079 | D:11     | Noticed a wolf spider
 12082 | D:11     | Killed a wolf spider
 12082 | D:11     | Received a gift from Trog
 12857 | D:12     | Reached XP level 12. HP: 111/111 MP: 12/12
 12900 | D:12     | Found a stormy altar of Qazlal.
 12919 | D:12     | Found a gate leading to a gauntlet.
 12925 | D:12     | Found Tuil Zue's Weapon Shop.
 12944 | Gauntlet | Entered a Gauntlet
 12944 | Gauntlet | Found a transporter.
 12944 | Gauntlet | Found a transporter.
 12972 | Gauntlet | Found a transporter.
 12984 | Gauntlet | Found a transporter.
 13003 | Gauntlet | Found a transporter.
 13003 | Gauntlet | Found a transporter.
 13003 | Gauntlet | Found a transporter.
 13005 | Gauntlet | Found a transporter.
 13005 | Gauntlet | Found a transporter.
 13011 | Gauntlet | Noticed a green death
 13018 | Gauntlet | Found a transporter.
 13035 | Gauntlet | Found a transporter.
 13045 | Gauntlet | Found a transporter.
 13059 | Gauntlet | Found a transporter.
 13093 | Gauntlet | Found a transporter.
 13597 | Gauntlet | Noticed a minotaur
 13608 | Gauntlet | Killed a minotaur
 14340 | D:13     | Reached skill level 13 in Axes
 14340 | D:13     | Reached skill level 1 in Shields
 14419 | D:13     | Found a flagged portal.
 14432 | Bailey   | Entered a bailey
 14837 | Bailey   | Identified the +0 pair of gloves of Sojaime {Harm Rampage
                  | rElec Str-5}
 15941 | D:13     | Noticed a seven-headed hydra
 15949 | D:13     | Killed a two-headed hydra
 16357 | D:13     | Reached XP level 13. HP: 119/119 MP: 13/13
 16664 | Lair:1   | Entered Level 1 of the Lair of Beasts
 19011 | Lair:2   | Reached skill level 14 in Axes
 19031 | Lair:2   | HP: 4/122 [cane toad (15)]
 19032 | Lair:2   | Slain by a cane toad

Illustrated notes

Levels and vault maps discovered:
D:1:      minmay_arrival_nine_rooms, layout_loops_cross,
          dreamdust_ecumenical_altar_grove
D:2:      layout_rooms
D:3:      layout_loops_ring, overflow_temple_1_default,
          chequers_serial_rivers_room_b
D:4:      layout_cave_pods, okawaru_gym_becter, serial_bayou_crossing
D:5:      layout_basic, serial_curves, eino_curves_04, eino_curves_01,
          eino_curves_02, dk_vineyard_2, uniq_blork_the_orc, uniq_edmund,
          uniq_ijyb
D:6:      minmay_skewed_foursquare, layout_basic,
          mainiacjoe_overflow_concentric_impassable,
          mainiacjoe_overflow_catch_the_wave, temple_statues, serial_shops,
          nicolae_shop_trees
D:7:      layout_basic, uniq_maggie
D:8:      layout_loops_ring, hangedman_decor_slide_cut, uniq_grum
D:9:      layout_small_grid, overflow_temple_1_default, serial_shops, shop_coins
D:10:     layout_basic, david_orc_2, nrook_mini_backslash,
          nicolae_shop_sticking_my_neck_out
D:11:     minmay_the_grid_octo_triangle [minmay_the_grid_octo_tetromino_candy,
          minmay_the_grid_octo_prize_single_spiral, minmay_the_grid_octo_77],
          layout_loops_cross, minmay_lair_entry_grove
D:12:     layout_long_grid, serial_shops, nicolae_square_shop,
          gauntlet_entry_generic, grunt_qazlal_clouds
D:13:     layout_basic, serial_curves, eino_curves_03, eino_curves_02,
          enter_bailey_2
Lair:1:   layout_cave_pods, serial_forest, infiniplex_forest_diagonal,
          infiniplex_forest_lined_3, infiniplex_forest_straight_3,
          infiniplex_forest_straight_4, infiniplex_forest_clump_diagonal,
          infiniplex_forest_zigzag_1, infiniplex_forest_straight_5,
          infiniplex_forest_end_2, infiniplex_forest_clump_tiny,
          infiniplex_forest_clump_double
Lair:2:   layout_cave_pods

Skill      XL: |  1  2  3  4  5  6  7  8  9 10 11 12 13 |
---------------+----------------------------------------+-----
Dodging        | 3 4 5 7 8 10 11 12 | 12.4
Fighting       | 4 5 6 7 9 10 11 12 13 | 13.5
Axes           | 4 5 6 7 9 11 12 13 14 | 14.1
Stealth        | 1 2 3 4 |  4.9
Shields        | 3 4 |  4.8

Action                   |  1- 3 |  4- 6 |  7- 9 | 10-12 | 13-15 || total
-------------------------+-------+-------+-------+-------+-------++-------
Melee: Hand axe          |   116 |   113 |   158 |       |       ||   387
       Tailslap          |    10 |    18 |    45 |    53 |    22 ||   148
       Unarmed           |       |       |     1 |       |       ||     1
       War axe           |       |       |    67 |       |       ||    67
       Broad axe         |       |       |    68 |   417 |   128 ||   613
Invok: Berserk           |     3 |     7 |     7 |    15 |     1 ||    33
       Trog's Hand       |     1 |     1 |     2 |       |       ||     4
       Brothers in Arms  |       |       |       |     1 |     1 ||     2
  Use: Scroll            |       |     2 |    10 |     8 |     1 ||    21
       Potion            |       |       |     3 |     1 |     3 ||     7
 Stab: Distracted        |       |       |     2 |       |       ||     2
       Sleeping          |       |       |     1 |     6 |     5 ||    12
Armor: Skin              |    46 |    40 |   138 |   364 |   127 ||   715
Dodge: Dodged            |    77 |    74 |   220 |   388 |   129 ||   888
Block: Tower shield      |       |       |       |   143 |   135 ||   278
       Kite shield       |       |       |       |    19 |       ||    19
       Reflection        |       |       |       |     6 |       ||     6
       Other             |       |       |       |     4 |       ||     4

Table legend: (Time is in decaauts)
 A = Elapsed time spent in this place.
 B = Non-inter-level travel time spent in this place.
 C = Inter-level travel time spent in this place.
 D = Time resting spent in this place.
 E = Time spent auto-exploring this place.
 F = Levels seen in this place.
 G = Mean time per level.
                   A        B        C        D        E       F      G
               +--------+--------+--------+--------+--------+-----+--------+
         Total |  19496 |  19033 |    463 |   3200 |  12795 |  17 | 1146.8 |
       Dungeon |  15788 |  15375 |    413 |   2331 |  10770 |  13 | 1214.5 |
          Lair |   2115 |   2065 |     50 |    176 |   1587 |   2 | 1057.5 |
        Bailey |    618 |    618 |      0 |    133 |    262 |   1 |  618.0 |
      Gauntlet |    974 |    974 |      0 |    559 |    176 |   1 |  974.0 |
               +--------+--------+--------+--------+--------+-----+--------+

Top non-repeatable levels by time:
    D:11: 2082 daAuts
  Lair:1: 1914 daAuts
    D:13: 1756 daAuts
     D:6: 1594 daAuts
     D:3: 1364 daAuts
     D:5: 1313 daAuts
     D:4: 1249 daAuts
     D:8: 1225 daAuts
    D:10: 1212 daAuts
Gauntlet: 974 daAuts
     D:9: 926 daAuts
     D:1: 882 daAuts
     D:7: 869 daAuts
     D:2: 720 daAuts
  Bailey: 618 daAuts
